 Dungeon Crawl Stone Soup version 0.26-a0-639-g72c4674329 (webtiles) character file.

Game seed: 12836969156966580254

844 Kaptain the Sneak (level 8, -1/52 HPs)
             Began as an Octopode Hedge Wizard on Sept 19, 2020.
             Slain by a hound (5 damage)
             ... on level 6 of the Dungeon.
             The game lasted 00:23:46 (7447 turns).

Kaptain the Sneak (Octopode Hedge Wizard)           Turns: 7447, Time: 00:23:47

Health: -1/52      AC:  2    Str: 13    XL:     8   Next: 0%
Magic:  10/15      EV: 14    Int: 19    God:
Gold:   318        SH:  5    Dex: 13    Spells: 9/17 levels left

rFire    . . .     SeeInvis .   j - +0 rapier
rCold    . . .     Faith    .   (no shield)
rNeg     . . .     Spirit   .   b - +1 hat
rPois    .         Reflect  +   m - amulet of reflection
rElec    .         Harm     .   l - ring "Gusih" {+Fly Str+4}
rCorr    .         Rampage  .   (no ring)
MR       .....                  (no ring)
Stlth    ++++......             (no ring)
HPRegen  0.17/turn              (no ring)
MPRegen  0.14/turn              (no ring)
                                (no ring)
                                (no ring)

@: mighty
A: almost no armour, stealthy swim, amphibious, 8 rings, constrict 8, camouflage
1, agile 1, blurry vision 1, gelatinous body 1
a: Evoke Flight


You were on level 6 of the Dungeon.
You visited 2 branches of the dungeon, and saw 7 of its levels.

You collected 318 gold pieces.

Inventory:

Hand Weapons
 d - a +1 short sword
 j - a +0 rapier (weapon)
 n - a cursed -3 trident
Missiles
 f - 102 stones (quivered)
Armour
 b - a +1 hat (worn)
Jewellery
 l - the ring "Gusih" (left tentacle) {+Fly Str+4}
   (You found it on level 4 of the Dungeon)

   [ring of flight]

   It affects your strength (+4).
   It lets you fly.
 m - an amulet of reflection (around mantle)
 o - an uncursed amulet of faith {unknown}
Wands
 s - a wand of iceblast (4)
Scrolls
 e - 2 scrolls of immolation
 g - 2 scrolls of remove curse
 h - 2 scrolls of teleportation
 k - a scroll of enchant weapon
 q - 7 scrolls of identify
 r - a scroll of enchant armour


   Skills:
 + Level 3.0 Fighting
 + Level 3.7 Dodging
 + Level 5.4 Stealth
 * Level 5.1 Spellcasting
 * Level 4.5 Conjurations
 - Level 1.0 Summonings
 - Level 1.0 Translocations


You had 9 spell levels left.
You knew the following spells:

 Your Spells              Type           Power        Failure   Level
a - Magic Dart            Conj           ###.         1%          1
b - Blink                 Tloc           N/A          12%         2
c - Call Imp              Summ           #.......     12%         2
d - Mephitic Cloud        Conj/Pois/Air  ##......     21%         3

Your spell library contained the following spells:

 Spells                   Type           Power        Failure   Level
 Conjure Flame            Conj/Fire      ##......     14%         3
 Slow                     Hex            #.......     19%         2


Dungeon Overview and Level Annotations

Branches:
Dungeon (6/15)             Temple (1/1) D:6

Altars:
Ashenzari
Cheibriados
Dithmenos
Elyvilon
Fedhas
Gozag
Hepliaklqana
Kikubaaqudgha
Makhleb
Nemelex Xobeh
Okawaru
Qazlal
Sif Muna
Trog
Uskayaw
Vehumet
Wu Jian
Xom
Yredelemnul
Zin
The Shining One

Shops:
D:4 ?

Annotations:
D:5 2 transporters, endorz's ghost, weakling MiDe


Innate Abilities, Weirdness & Mutations

You cannot wear most types of armour.
You are very stealthy in the water. (Stealth+)
You are amphibious.
You can wear up to eight rings at the same time.
You can use your tentacles to constrict eight enemies at once.
Your skin changes colour to match your surroundings (Stealth+).
Your rubbery body absorbs attacks. (AC +1, EV +1)
You are agile. (Dex +2)
Scrolls take you a little longer to read.


Message History

The bullfrog closely misses you. The bullfrog hits you!
* * * LOW HITPOINT WARNING * * *
You barely miss the bullfrog. You grab the bullfrog.
The bullfrog is heavily wounded.
You constrict the bullfrog. You block the bullfrog's attack.
The bullfrog completely misses you.
You hit the bullfrog. You squeeze the bullfrog!
You kill the bullfrog!
Your Fighting skill increases to level 3!
You have reached level 8!
The hound bites you.
* * * LOW HITPOINT WARNING * * *
You feel very mighty all of a sudden. The hound barely misses you.
You puncture the hound! Your grab misses the hound.
The hound is heavily wounded.
The hound bites you.
* * * LOW HITPOINT WARNING * * *
The hound bites you.
You die...

#...# #...... #......
#...... #...... #......
#.#....
..################.#[.8.
.......@hhJZZ..........⌠
#.##########..........8.
##########..⌠ #.8. #...
####


You could see a howler monkey, a hound, a jelly, a jackal zombie and a bullfrog
skeleton.

Vanquished Creatures
  An orc warrior (D:5)
  An ogre (D:3)
  Blork the orc (D:5)
  A bullfrog (D:6)
  A scorpion (D:4)
  2 hounds (D:4)
  An orc priest (D:4)
  A centaur skeleton (D:4)
  Terence (D:3)
  2 orc wizards
  Natasha (D:3)
  3 worker ants
  7 adders
  A white imp (D:5)
  An ooze (D:4)
  An adder skeleton (D:3)
  2 worms (D:4)
  3 dart slugs
  6 leopard geckos
  15 orcs
  8 giant cockroaches
  11 goblins
  9 hobgoblins
  3 jackals (D:5)
  2 quokkas (D:4)
  3 ball pythons
  8 bats
  5 frilled lizards
  7 kobolds
  9 rats
117 creatures vanquished.

Notes
Turn   | Place    | Note
-------+----------+-------------------------------------------
     0 | D:1      | Kaptain the Octopode Hedge Wizard began the quest for the
                  | Orb.
     0 | D:1      | Reached XP level 1. HP: 11/11 MP: 4/4
   285 | D:1      | Reached XP level 2. HP: 18/18 MP: 0/6
   821 | D:1      | Reached XP level 3. HP: 22/22 MP: 7/7
  1085 | D:2      | Reached skill level 1 in Fighting
  1486 | D:2      | Reached XP level 4. HP: 15/28 MP: 0/9
  1646 | D:2      | Learned a level 2 spell: Blink
  1649 | D:2      | Learned a level 2 spell: Call Imp
  1653 | D:2      | Learned a level 3 spell: Mephitic Cloud
  2012 | D:2      | Reached XP level 5. HP: 26/33 MP: 0/10
  2828 | D:3      | Gained mutation: Scrolls take you a little longer to read.
                  | [potion of mutation]
  2828 | D:3      | Gained mutation: You are agile. (Dex +2) [potion of
                  | mutation]
  2956 | D:3      | Noticed Terence
  2963 | D:3      | Killed Terence
  3638 | D:3      | Noticed Natasha
  3645 | D:3      | Killed Natasha
  3645 | D:3      | Reached XP level 6. HP: 27/39 MP: 7/12
  3879 | D:3      | Found a hazy altar of Hepliaklqana.
  3881 | D:3      | Found a hazy altar of Hepliaklqana.
  3881 | D:3      | Found a shimmering altar of Xom.
  3898 | D:3      | Found an opulent altar of Gozag.
  3898 | D:3      | Found a bloodstained altar of Trog.
  3898 | D:3      | Found a radiant altar of Vehumet.
  4631 | D:4      | Found Haagoff's Magic Scroll Shop.
  4804 | D:4      | Reached XP level 7. HP: 34/45 MP: 13/13
  5558 | D:4      | Got a brightly glowing iron ring
  5566 | D:4      | Identified the ring "Gusih" {+Fly Str+4} (You found it on
                  | level 4 of the Dungeon)
  5688 | D:4      | Reached skill level 5 in Stealth
  6062 | D:5      | Entered Level 5 of the Dungeon
  6125 | D:5      | Found a transporter.
  6125 | D:5      | Noticed endorz's ghost (weakling MiDe)
  6139 | D:5      | Found a transporter.
  6662 | D:5      | Noticed Blork the orc
  6671 | D:5      | Killed Blork the orc
  6929 | D:5      | Reached skill level 5 in Spellcasting
  7026 | D:6      | Found a staircase to the Ecumenical Temple.
  7034 | Temple   | Entered the Ecumenical Temple
  7445 | D:6      | Reached XP level 8. HP: 9/52 MP: 9/15
  7447 | D:6      | Slain by a hound

Illustrated notes

Levels and vault maps discovered:
D:1:      minmay_arrival_checkered_box, layout_basic, st_stairs_7
D:2:      layout_loops_ring
D:3:      layout_loops_ring, doesnt_xom_only_xom, uniq_natasha, uniq_terence
D:4:      minmay_bubble_buster, layout_basic, serial_corexii_hall,
          corexii_hall_statues_t, corexii_hall_statues_deadend,
          corexii_hall_statues_i, serial_shops, shop
D:5:      layout_gridville, gammafunk_ghost_arena, serial_park_tiny_2,
          uniq_blork_the_orc
D:6:      lemuel_upstairs_altar, layout_loops_ring,
          nicolae_ru_great_annihilating_truth,
          minmay_temple_entry_statues_fountains, gup_sewer_entry_bowl,
          hangedman_abyss_or_decor_stagger, sigmund_edmund_badplayer
Temple:   kilobyte_greek_temple

Skill      XL: |  1  2  3  4  5  6  7 |
---------------+----------------------+-----
Stealth        | 3 4 5 |  5.4
Fighting       | 1 2 3 |  3.0
Conjurations   | 2 3 4 |  4.5
Spellcasting   | 4 5 |  5.1
Dodging        | 3 |  3.7
Summonings     | |  1.0
Translocations | |  1.0

Action                   |  1- 3 |  4- 6 |  7- 9 || total
-------------------------+-------+-------+-------++-------
Melee: Short sword       |    27 |    59 |    12 ||    98
       Constrict         |     9 |    10 |    11 ||    30
       Tentacles         |     6 |     7 |     6 ||    19
       Rapier            |       |       |    15 ||    15
 Cast: Magic Dart        |    67 |   158 |   107 ||   332
       Mephitic Cloud    |       |     3 |     4 ||     7
       Blink             |       |       |     8 ||     8
  Use: Scroll            |     2 |     6 |     6 ||    14
       Potion            |     1 |     5 |     8 ||    14
 Stab: Sleeping          |     3 |     1 |     1 ||     5
       Confused          |       |       |     2 ||     2
Armor: Skin              |     4 |     7 |     5 ||    16
Dodge: Dodged            |    18 |    50 |    55 ||   123
Block: Other             |       |       |    12 ||    12

Table legend: (Time is in decaauts)
 A = Elapsed time spent in this place.
 B = Non-inter-level travel time spent in this place.
 C = Inter-level travel time spent in this place.
 D = Time resting spent in this place.
 E = Time spent auto-exploring this place.
 F = Levels seen in this place.
 G = Mean time per level.
                   A        B        C        D        E       F      G
               +--------+--------+--------+--------+--------+-----+--------+
         Total |   7422 |   7244 |    178 |   3293 |   2951 |   7 | 1060.3 |
       Dungeon |   7038 |   6867 |    171 |   3047 |   2824 |   6 | 1173.0 |
        Temple |    384 |    377 |      7 |    246 |    127 |   1 |  384.0 |
               +--------+--------+--------+--------+--------+-----+--------+

Top non-repeatable levels by time:
     D:2: 1847 daAuts
     D:3: 1771 daAuts
     D:4: 1420 daAuts
     D:1: 1020 daAuts
     D:5: 894 daAuts
  Temple: 384 daAuts
     D:6: 83 daAuts
